 Dungeon Crawl Stone Soup version 0.28.0-43-g3370ac3207 (webtiles) character file.

Game seed: 8546482280263121163

469 protoss039 the Magician (level 6, 0/32 HPs)
             Began as a Deep Elf Air Elementalist on Mar 26, 2022.
             Killed by divine providence
             ... invoked by an orc priest
              (8 damage)
             ... on level 3 of the Dungeon.
             The game lasted 00:06:44 (3047 turns).

protoss039 the Magician (Deep Elf Air Elementalist) Turns: 3047, Time: 00:06:44

Health: 0/32       AC:  4    Str:  5    XL:     6   Next: 82%
Magic:  8/17       EV: 13    Int: 22    God:
Gold:   86         SH:  0    Dex: 15    Spells: 7/17 levels left

rFire   . . .      SeeInvis .   d - +0 dagger
rCold   . . .      Faith    .   (no shield)
rNeg    . . .      Spirit   .   a - +0 robe
rPois   .          Reflect  .   (no helmet)
rElec   .          Harm     .   (no cloak)
rCorr   .          Rampage  .   (no gloves)
Will    .....                   (no boots)
Stlth   ++........              (no amulet)
HPRegen 0.10/turn               (no ring)
MPRegen 0.15/turn               (no ring)

@: mighty, lethally poisoned (0 -> -1), sluggish, very slow
A: iridescent scales 1, wild magic 1
a: no special abilities


You were on level 3 of the Dungeon.
You visited 1 branch of the dungeon, and saw 4 of its levels.

You collected 86 gold pieces.

Inventory:

Hand Weapons
 d - a +0 dagger (weapon)
Armour
 a - a +0 robe (worn)
Wands
 f - a wand of flame (11)
Scrolls
 g - a scroll of brand weapon {unknown}
 h - a scroll of noise {unknown}
Potions
 c - a potion of might
 e - a potion of flight {unknown}


   Skills:
 - Level 3.0 Dodging
 - Level 3.0 Stealth
 + Level 6.3 Spellcasting
 + Level 3.8 Conjurations
 + Level 5.0 Air Magic


You had 7 spell levels left.
You knew the following spells:

 Your Spells              Type           Power      Damage    Failure   Level
a - Shock                 Conj/Air       100%       1d9       2%          1
b - Static Discharge      Conj/Air       34%        N/A       4%          2
c - Swiftness             Air            37%        N/A       5%          3
d - Airstrike             Air            18%        N/A       16%         4

Your spell library contained the following spells:

 Spells                   Type           Power      Damage    Failure   Level
 Corpse Rot               Necr/Air       46%        N/A       8%          2
 Summon Small Mammal      Summ           36%        N/A       13%         1
 Ozocubu's Armour         Ice            9%         N/A       34%         3
 Dispel Undead            Necr           9%         3d8       73%         4
 Death Channel            Necr           4%         N/A       100%        6
 Ozocubu's Refrigeration  Ice            4%         4d5       100%        7


Dungeon Overview and Level Annotations

Branches:
Dungeon (4/15)
 Temple: D:4-7

Altars:


Innate Abilities, Weirdness & Mutations

You are partially covered in iridescent scales. (AC +2)
Your spells are a little harder to cast, but a little more powerful.


Message History

Iridescent scales grow over part of your body.
You feel less in control of your magic.
You feel sick. The orc wizard barely misses you. Something hits you.
Unknown command.
Unknown command.
Unknown command.
Casting: Shock (safe; 3% risk of failure)
Confirm with . or Enter, or press ? or * to list all spells.
The orc wizard is struck by an arc of lightning.
The orc wizard is severely wounded.
Something is struck by an arc of lightning.
You are struck by an arc of lightning.
The lightning grounds out.
You feel sick. The orc wizard barely misses you.
Something hits you but does no damage.
Unknown command.
Unknown command.
Casting: Static Discharge (safe; 4% risk of failure)
Confirm with . or Enter, or press ? or * to list all spells.
Something is struck by an arc of lightning!
The lightning grounds out.
The orc wizard is struck by an arc of lightning.
You kill the orc wizard!
The lightning grounds out.
You feel sick. Something hits you but does no damage.
Your Air Magic skill increases to level 5!
Unknown command.
Unknown command.
Unknown command.
Casting: Static Discharge (safe; 4% risk of failure)
Confirm with . or Enter, or press ? or * to list all spells.
Aiming: Shock (safe; 2% risk of failure)
Press: ? - help, Shift-Dir - straight line, p - orc priest The zap hits something.
Reactivating autopickup.
You feel a bit more experienced.
You feel sluggish.
You feel sick.
The orc priest calls down the wrath of Beogh upon you.
Beogh smites you!
You die...

#........#.#...#
##.......#.#####
##........######
##......).).....
#..[[...#######
#.......#
###J.........
#))o.....<.(.
#@#.....รท.....
#.#..)........
..#.....o......
####....o.....
#.........
#........
#......


You could see an orc priest and an endoplasm.

Vanquished Creatures
  Sigmund (D:3)
  A necrophage (D:4)
  A hound (D:4)
  An orc priest (D:3)
  3 orc wizards (D:3)
  4 adders
  2 worms
  2 dart slugs (D:1)
  5 orcs (D:3)
  7 ball pythons
  4 bats
  3 endoplasms
  2 giant cockroaches (D:1)
  5 goblins
  2 hobgoblins (D:3)
  2 quokkas
  3 frilled lizards
  4 kobolds
  8 rats
60 creatures vanquished.

Vanquished Creatures (others)
  An orc wizard (D:3)
1 creature vanquished.

Grand Total: 61 creatures vanquished

Notes
Turn   | Place    | Note
-------+----------+-------------------------------------------
     0 | D:1      | protoss039 the Deep Elf Air Elementalist began the quest
                  | for the Orb.
     0 | D:1      | Reached XP level 1. HP: 10/10 MP: 6/6
   340 | D:1      | Reached XP level 2. HP: 15/15 MP: 2/8
   491 | D:1      | Found a faded altar of an unknown god.
   496 | D:1      | Got Plato's Grimoire of Summoning
  1191 | D:1      | Learned a level 2 spell: Static Discharge
  1195 | D:2      | Reached XP level 3. HP: 16/19 MP: 9/9
  2259 | D:2      | Learned a level 3 spell: Swiftness
  2321 | D:3      | Reached XP level 4. HP: 24/24 MP: 9/11
  2337 | D:3      | Noticed Sigmund
  2347 | D:3      | Killed Sigmund
  2348 | D:3      | Reached skill level 5 in Spellcasting
  2348 | D:3      | Reached XP level 5. HP: 14/28 MP: 2/14
  2486 | D:3      | Reached XP level 6. HP: 23/32 MP: 4/16
  2617 | D:4      | Learned a level 4 spell: Airstrike
  2780 | D:4      | Reached skill level 6 in Spellcasting
  2979 | D:4      | Noticed an orc warrior
  3044 | D:3      | Gained mutation: You are partially covered in iridescent
                  | scales. (AC +2) [potion of mutation]
  3044 | D:3      | Gained mutation: Your spells are a little harder to cast,
                  | but a little more powerful. [potion of mutation]
  3047 | D:3      | Reached skill level 5 in Air Magic
  3047 | D:3      | Killed from afar by an orc priest

Illustrated notes

Levels and vault maps discovered:
D:1:      dpeg_arrival_round_a, layout_loops_ring,
          shapermc_ecumenical_altar_rom_forum, minmay_pentomino_x2
D:2:      layout_rooms
D:3:      layout_rooms, doesnt_xom_only_xom, serial_corexii_hall,
          corexii_hall_statues_i, chequers_hall_statues_wall_a,
          corexii_hall_statues_l, chequers_hall_statues_wall_a, uniq_terence,
          uniq_sigmund
D:4:      layout_loops_ring, minmay_temple_entry_grid

Skill      XL: |  1  2  3  4  5  6 |
---------------+-------------------+-----
Dodging        | 3 |  3.0
Stealth        | 3 |  3.0
Spellcasting   | 5 6 |  6.3
Conjurations   | 3 |  3.8
Air Magic      | 4 5 |  5.0

Action                   |  1- 3 |  4- 6 || total
-------------------------+-------+-------++-------
Melee: Unarmed           |     3 |       ||     3
       Dagger            |    17 |     6 ||    23
 Cast: Shock             |    57 |    44 ||   101
       Static Discharge  |    15 |     7 ||    22
       Swiftness         |       |     1 ||     1
  Use: Potion            |       |     3 ||     3
 Stab: Sleeping          |     1 |       ||     1
Armor: Robe              |    11 |     3 ||    14
Dodge: Dodged            |    29 |    14 ||    43
